 Dungeon Crawl Stone Soup version 0.17-a0-931-g11a8995 (webtiles) character file.

136 FedoraBrony69 the Conjurer (level 4, -9/24 HPs)
             Began as a Deep Elf Conjurer on May 5, 2015.
             Mangled by an ogre
             ... wielding a +0 giant spiked club
              (25 damage)
             ... on level 3 of the Dungeon.
             The game lasted 00:08:38 (2382 turns).

FedoraBrony69 the Conjurer (Deep Elf Conjurer)      Turns: 2382, Time: 00:08:38

Health: -9/24      AC:  3    Str:  5    XL:     4   Next: 98%
Magic:  13/13      EV: 13    Int: 21    God:
Gold:   193        SH:  0    Dex: 15    Spells: 2 memorised, 8 levels left

rFire  x . .     SeeInvis .     v - +0 spear
rCold  + . .     Clarity  .     a - +0 robe
rNeg   . . .     SustAb   .     (no shield)
rPois  .         Gourm    .     (no helmet)
rElec  .         Spirit   .     m - +0 cloak
rCorr  .         Warding  .     (no gloves)
rMut   .         Stasis   .     (no boots)
MR     .....                    (no amulet)
Stlth  ++........               (no ring)
                                g - ring of ice

@: not resistant to hostile enchantments, unstealthy
A: no striking features
a: no special abilities


You were on level 3 of the Dungeon.
You were not hungry.

You visited 1 branch of the dungeon, and saw 3 of its levels.

You collected 193 gold pieces.

Inventory:

Hand weapons
 h - a +0 club
 v - a +0 spear (weapon)
Armour
 a - a +0 robe (worn)
 m - a +0 cloak (worn)
Jewellery
 g - a ring of ice (left hand)
Scrolls
 f - a scroll of enchant armour {unknown}
 j - 2 scrolls of enchant weapon {unknown}
 p - 2 scrolls of noise {unknown}
 u - a scroll of teleportation {unknown}
Potions
 e - a potion of brilliance {unknown}
 i - a potion of mutation {unknown}
 k - 2 potions of cancellation {unknown}
 l - a potion of beneficial mutation {unknown}
 n - a potion of curing {unknown}
 t - a potion of degeneration {unknown}
 w - a potion of poison {unknown}
 x - a potion of berserk rage {unknown}
Books
 b - a book of Conjurations

   Spells                             Type                      Level
   a - Magic Dart                     Conjuration                  1
   b - Searing Ray                    Conjuration                  2
   c - Dazzling Spray                 Conjuration/Hexes            3
   d - Fulminant Prism                Conjuration/Hexes            4
   e - Iskenderun's Mystic Blast      Conjuration                  4
   f - Iskenderun's Battlesphere      Conjuration/Charms           5
Comestibles
 c - 3 bread rations
 d - a slice of pizza
 q - a beef jerky
 r - a meat ration
 s - 4 fruits


   Skills:
 - Level 2.4 Dodging
 - Level 2.4 Stealth
 + Level 5.3 Spellcasting
 + Level 5.8 Conjurations


You had 8 spell levels left.
You knew the following spells:

 Your Spells              Type           Power        Failure   Level  Hunger
a - Magic Dart            Conj           ####         1%          1    None
b - Iskenderun's Mystic   Conj           ####....     12%         4    ####...


Dungeon Overview and Level Annotations

Branches:
Dungeon (3/15)

Altars:
The Shining One


Message History

Ouch! That really hurt!
There is a stone staircase leading up here.
You climb upwards.
There is a stone staircase leading down here.
Memorise Iskenderun's Mystic Blast, consuming 4 spell levels and leaving 8?
You start memorising the spell.
You continue memorising.
You continue memorising. x3
You finish memorising.
Spell assigned to 'b'.
You see here a stone.
There is a stone staircase leading down here.
You start resting.
Some of the chunks of flesh in your inventory have rotted away.
You start resting.
All of the chunks of flesh in your inventory have rotted away.
You start resting.
Magic restored.
You climb downwards.
The ogre hits you with a giant spiked club!!
Ouch! That really hurt!
You die...

#...# ###. #...#
###... #...#
......# ##...#
#.†....#####.<..#
#..........(....#
#...............#
#...............#
#.........@######
####........O.#
..............<# .
###...........#
..#...#.........#
..........###....#
..........# ##...##
..........# #.....#
........).###.....#


You could see an ogre.

Vanquished Creatures
  2 gnolls (D:3)
  3 adders
  An ooze (D:1)
  2 worms (D:2)
  4 orcs (D:3)
  7 bats
  4 giant cockroaches
  11 goblins
  6 hobgoblins
  9 jackals
  4 giant newts
  9 kobolds
  3 quokkas
  14 rats
79 creatures vanquished.

Notes
Turn   | Place    | Note
--------------------------------------------------------------
     0 | D:1      | FedoraBrony69, the Deep Elf Conjurer, began the quest for the Orb.
     0 | D:1      | Reached XP level 1. HP: 10/10 MP: 6/6
   178 | D:1      | Reached XP level 2. HP: 15/15 MP: 4/8
   355 | D:1      | Reached skill level 5 in Conjurations
   699 | D:1      | Reached XP level 3. HP: 16/19 MP: 3/10
  1480 | D:2      | Reached XP level 4. HP: 24/24 MP: 2/12
  1873 | D:2      | Found a glowing golden altar of the Shining One.
  2110 | D:3      | Reached skill level 5 in Spellcasting
  2276 | D:3      | Noticed an ogre
  2320 | D:2      | Learned a level 4 spell: Iskenderun's Mystic Blast
  2382 | D:3      | Mangled by an ogre

Action                   |  1- 3 |  4- 6 || total
-------------------------+-------+-------++-------
Melee: Club              |     6 |       ||     6
 Cast: Magic Dart        |    95 |    72 ||   167
  Eat: Chunk             |     1 |     3 ||     4
